 Dungeon Sprint DCSS version 0.29.1-12-g30fa7ad0bf (webtiles) character file.

Game seed: 15955617034452818262

6101 Groucho the Geomancer (level 10, -2/44 HPs)
             Began as a Spriggan Earth Elementalist on Dec 29, 2022.
             Was a High Priest of Vehumet.
             Slain by Rupert
             ... wielding a +2 great sword of draining
              (46 damage)
             ... in the Dungeon (Sprint III: "The Ten Rune Challenge").
             The game lasted 00:14:41 (5961 turns).

Groucho the Geomancer (Spriggan Earth Elementalist) Turns: 5961, Time: 00:14:41

Health: -2/44      AC:  3    Str:  4    XL:     10   Next: 58%
Magic:  15/27      EV: 26    Int: 20    God:    Vehumet [*****.]
Gold:   24         SH:  0    Dex: 17    Spells: 19/34 levels left

rFire   . . .      SeeInvis +   o - +2 quarterstaff (chaos)
rCold   . . .      Faith    .   (shield currently unavailable)
rNeg    . . .      Spirit   .   a - +0 robe
rPois   .          Reflect  .   (helmet restricted)
rElec   .          Harm     .   p - +0 cloak
rCorr   .          Rampage  .   (gloves unavailable)
Will    +....      NoTele   +   (boots unavailable)
Stlth   ++........              (no amulet)
HPRegen 0.14/turn               (no ring)
MPRegen 0.20/turn               (no ring)

@: very quick
A: very small, no large weapons, unfitting armour, see invisible, speed 3, horns
1, sturdy frame 1
a: Renounce Religion


You were in the Dungeon.
You worshipped Vehumet.
Vehumet was extremely pleased with you.
You visited 1 branch You collected 24 gold pieces.

Inventory:

Hand Weapons
 o - a +2 quarterstaff of chaos (weapon)
Armour
 a - a +0 robe (worn)
 p - a +0 cloak (worn)
Wands
 c - a wand of digging (7)
Scrolls
 g - a scroll of blinking
 h - a scroll of immolation {unknown}
 i - a scroll of identify {unknown}
 k - a scroll of torment {unknown}
 l - a scroll of butterflies {unknown}
Potions
 b - 3 potions of magic
 d - 3 potions of heal wounds
 e - a potion of haste
 f - a potion of berserk rage
 j - 3 potions of mutation
 m - 2 potions of flight
 n - a potion of degeneration {unknown}
 q - a potion of might
Miscellaneous
 r - a lightning rod (4/4)


   Skills:
 + Level 13.5 Dodging
 - Level 3.0 Stealth
 + Level 12.7 Spellcasting
 * Level 10.2 Conjurations
 + Level 1.3 Transmutations
 * Level 3.4 Fire Magic
 * Level 13.7 Earth Magic
 + Level 8.8 Evocations


You had 19 spell levels left.
You knew the following spells:

 Your Spells              Type           Power      Damage    Failure   Level
a - Sandblast             Erth           100%       2d20      0%          1
b - Passwall              Tmut/Erth      35%        N/A       1%          2
c - Stone Arrow           Conj/Erth      100%       3d13      1%          3
d - Petrify               Tmut/Erth      42%        N/A       2%          4
e - Fireball              Conj/Fire      20%        3d10      2%          5

Your spell library contained the following spells:

 Spells                   Type           Power      Damage    Failure   Level
 Lee's Rapid Deconstruct  Erth           30%        3d17*     1%          5
 Tukima's Dance           Hex            12%        N/A       16%         3
 Yara's Violent Unravell  Hex/Tmut       7%         3d5       28%         5
 Passage of Golubria      Tloc           12%        N/A       45%         4


Dungeon Overview and Level Annotations

Branches:
Dungeon (1/1)

Altars:
Cheibriados
Dithmenos
Elyvilon
Fedhas
Gozag
Hepliaklqana
Kikubaaqudgha
Makhleb
Nemelex Xobeh
Okawaru
Qazlal
Ru
Sif Muna
Trog
Uskayaw
Vehumet
Wu Jian
Xom
Yredelemnul
Zin
The Shining One
Jiyva
Lugonu

Annotations:
D Rupert


Innate Abilities, Weirdness & Mutations

You are very small and have problems with some larger weapons.
You are too small for most types of armour.
You have supernaturally acute eyesight. (SInv)
You cover ground extremely quickly. (Speed+++)
You have a pair of small horns on your head.
Your movements are slightly less encumbered by armour. (ER -2)


Message History

Rupert is moderately wounded.
Casting: Stone Arrow (safe; 1% risk of failure)
Confirm with . or Enter, or press ? or * to list all spells.
Aiming: Stone Arrow (safe; 1% risk of failure)
Press: ? - help, Shift-Dir - straight line, f/p - Rupert
Aim: Rupert, wielding a +2 great sword of draining and wearing a +0 chain mail (moderately wounded, 84% to hit)
The stone arrow hits Rupert!!
Rupert is heavily wounded.
You enter the shallow water.
Moving in this stuff is going to be slow.
Rupert roars madly and goes into a rage!
Rupert goes berserk!
Rupert rages.
You enter the shallow water.
Moving in this stuff is going to be slow.
Things that are here:
a blink frog skeleton; a blink frog skeleton You enter the shallow water.
Moving in this stuff is going to be slow.
Rupert rages.
There is an open door, spattered with blood here.
There is an open door, spattered with blood here.
Casting: Stone Arrow (safe; 1% risk of failure)
Confirm with . or Enter, or press ? or * to list all spells.
Aiming: Stone Arrow (safe; 1% risk of failure)
Press: ? - help, Shift-Dir - straight line, f/p - Rupert
Aim: Rupert, wielding a +2 great sword of draining and wearing a +0 chain mail (heavily wounded, berserk, 84% to hit)
The stone arrow misses Rupert.
Unknown command.
Unknown command.
Casting: Stone Arrow (safe; 1% risk of failure)
Confirm with . or Enter, or press ? or * to list all spells.
Aiming: Stone Arrow (safe; 1% risk of failure)
Press: ? - help, Shift-Dir - straight line, f/p - Rupert
Aim: Rupert, wielding a +2 great sword of draining and wearing a +0 chain mail (heavily wounded, berserk, 84% to hit)
The stone arrow hits Rupert!
Rupert is heavily wounded.
Rupert hits you with a +2 great sword of draining!!!
Ouch! That really hurt!
You die...

#..~≈≈~~~♣..#...######'#
#.~~≈~~~....#.⌠.#__#...#+########
#.~≈~~~.....#...#__#...#....#)#.#
#.~~~.......#)###__#...##.#.)#.##
#...........#...#__#...)##)#.#.##
............#___#__'...#...#..#..
▓▓▓▓▓▓▓▓▓▓▓▓▓▓▓▓▓▓▓▓▓▓▓▓▓▓▓▓▓▓▓▓▓
~≈≈≈§~≈~≈♣♣.....♣♣♣♣~~~........~~
~.~§§§~.~♣♣.≈≈≈≈@♣♣'♣≈≈≈≈≈≈≈≈≈≈≈≈
.~~≈§~§÷≈~'....@#.~♣♣♣♣♣♣♣♣♣♣♣♣♣♣
≈.~§§§§~≈♣♣♣♣♣♣♣#..♣♣ ~~~~.≈.≈~♣
###+♣ ###'###### ♣♣♣♣.#
........... ♣...## ###########
♣♣.## ♣..# ♣♣.#


You could see Rupert (berserk).

Vanquished Creatures
  Erolcha (D)
  A deep elf pyromancer (D)
  A rime drake (D)
  2 cane toads (D)
  A komodo dragon (D)
  3 wandering mushrooms (D)
  2 tyrant leeches (D)
  5 blink frogs (D)
  A shadow (D)
  3 redbacks (D)
  A spatial vortex (D)
  A swamp drake (D)
  5 two-headed ogres (D)
  A necrophage (D)
  A water elemental (D)
  A jelly (D)
  Crazy Yiuf (D)
  A wizard (D)
  A necromancer (D)
  3 humans (D)
  A kobold demonologist (D)
  2 endoplasms (D)
  2 rats (D)
41 creatures vanquished.

Vanquished Creatures (others)
  2 plants (D)
2 creatures vanquished.

Grand Total: 43 creatures vanquished

Notes
Turn   | Place    | Note
-------+----------+-------------------------------------------
     0 | D        | Groucho the Spriggan Earth Elementalist began the quest for
                  | the Orb.
     0 | D        | Reached XP level 1. HP: 9/9 MP: 5/5
   244 | D        | Reached XP level 2. HP: 13/13 MP: 0/8
   262 | D        | Learned a level 2 spell: Passwall
   518 | D        | Gained mutation: Armour fits poorly on your strangely
                  | shaped body. [potion of mutation]
   518 | D        | Gained mutation: Your mind is acute. (Int +4, Str/Dex -1)
                  | [potion of mutation]
   518 | D        | Gained mutation: You are partially covered in iridescent
                  | scales. (AC +2) [potion of mutation]
   518 | D        | Gained mutation: You are strong-willed. (Will+) [potion of
                  | mutation]
   519 | D        | Lost mutation: Your mind is acute. (Int +4, Str/Dex -1)
                  | [potion of mutation]
   519 | D        | Lost mutation: You are partially covered in iridescent
                  | scales. (AC +2) [potion of mutation]
   519 | D        | Gained mutation: You are dopey. (Int -2) [potion of
                  | mutation]
   520 | D        | Lost mutation: You are dopey. (Int -2) [potion of mutation]
   520 | D        | Lost mutation: Armour fits poorly on your strangely shaped
                  | body. [potion of mutation]
   520 | D        | Lost mutation: You are strong-willed. (Will+) [potion of
                  | mutation]
   520 | D        | Gained mutation: Your movements are slightly less
                  | encumbered by armour. (ER -2) [potion of mutation]
   520 | D        | Gained mutation: You have a pair of small horns on your
                  | head. [potion of mutation]
   523 | D        | Noticed Crazy Yiuf
   543 | D        | Killed Crazy Yiuf
   544 | D        | Reached skill level 5 in Dodging
   544 | D        | Reached skill level 5 in Spellcasting
   544 | D        | Reached skill level 5 in Earth Magic
   544 | D        | Reached XP level 3. HP: 16/16 MP: 4/10
   719 | D        | Noticed a water elemental
   729 | D        | Killed a water elemental
   730 | D        | Reached XP level 4. HP: 21/21 MP: 8/13
  1005 | D        | Learned a level 3 spell: Stone Arrow
  1010 | D        | Learned a level 4 spell: Petrify
  1030 | D        | Found a radiant altar of Vehumet.
  1133 | D        | Found a shimmering blue altar of Sif Muna.
  1133 | D        | Noticed a wizard
  1135 | D        | Killed a wizard
  1136 | D        | Reached skill level 1 in Conjurations
  1139 | D        | Reached XP level 5. HP: 24/24 MP: 9/14
  1139 | D        | Found an ancient bone altar of Kikubaaqudgha.
  1153 | D        | Became a worshipper of Vehumet
  1304 | D        | Found a shadowy altar of Dithmenos.
  1307 | D        | Found a basalt altar of Yredelemnul.
  1307 | D        | Found a sacrificial altar of Ru.
  1576 | D        | Found a hide-covered altar of Uskayaw.
  1576 | D        | Found an iron altar of Okawaru.
  1578 | D        | Found a bloodstained altar of Trog.
  1579 | D        | Found an ornate altar of the Wu Jian Council.
  1579 | D        | Noticed a human
  1581 | D        | Killed a human
  1581 | D        | Reached * piety under Vehumet
  1581 | D        | Offered knowledge of Shock by Vehumet.
  1581 | D        | Noticed a human
  1582 | D        | Reached XP level 6. HP: 28/28 MP: 11/17
  1616 | D        | Killed a human
  1617 | D        | Reached skill level 5 in Conjurations
  1880 | D        | Found a glowing silver altar of Zin.
  1883 | D        | Found a glowing golden altar of the Shining One.
  1884 | D        | Found a white marble altar of Elyvilon.
  1885 | D        | Noticed a deep elf pyromancer
  1893 | D        | Killed a deep elf pyromancer
  1894 | D        | Reached skill level 10 in Dodging
  1894 | D        | Reached skill level 10 in Earth Magic
  1894 | D        | Reached XP level 7. HP: 32/32 MP: 10/20
  2069 | D        | Noticed a shadow
  2070 | D        | Killed a shadow
  2070 | D        | Reached ** piety under Vehumet
  2070 | D        | Offered knowledge of Magic Dart by Vehumet.
  2071 | D        | Reached XP level 8. HP: 36/36 MP: 17/22
  2258 | D        | Found a blossoming altar of Fedhas.
  2258 | D        | Found a stormy altar of Qazlal.
  2258 | D        | Found a snail-covered altar of Cheibriados.
  2258 | D        | Found a burning altar of Makhleb.
  2258 | D        | Found a shimmering altar of Xom.
  2260 | D        | Found a hazy altar of Hepliaklqana.
  2260 | D        | Found an opulent altar of Gozag.
  2260 | D        | Found a sparkling altar of Nemelex Xobeh.
  2260 | D        | Found a corrupted altar of Lugonu.
  2260 | D        | Found a viscous altar of Jiyva.
  2337 | D        | Offered knowledge of Mephitic Cloud by Vehumet.
  2338 | D        | Reached skill level 10 in Spellcasting
  2338 | D        | Reached skill level 1 in Evocations
  2345 | D        | Reached *** piety under Vehumet
  2613 | D        | Noticed a two-headed ogre
  2624 | D        | Killed a two-headed ogre
  2624 | D        | Offered knowledge of Ignite Poison by Vehumet.
  2952 | D        | Noticed Erolcha
  2953 | D        | Noticed a two-headed ogre
  2958 | D        | Killed Erolcha
  2959 | D        | Reached skill level 5 in Evocations
  2959 | D        | Reached XP level 9. HP: 19/39 MP: 17/25
  2973 | D        | Killed a two-headed ogre
  3512 | D        | Reached **** piety under Vehumet
  3744 | D        | Noticed a wandering mushroom
  3749 | D        | Killed a wandering mushroom
  3749 | D        | Offered knowledge of Freezing Cloud by Vehumet.
  3961 | D        | Noticed a wandering mushroom
  3963 | D        | Noticed a wandering mushroom
  3966 | D        | Killed a wandering mushroom
  3970 | D        | Killed a wandering mushroom
  4201 | D        | Noticed a cane toad
  4201 | D        | Noticed a komodo dragon
  4201 | D        | Noticed a cane toad
  4231 | D        | Killed a cane toad
  4272 | D        | Killed a komodo dragon
  4273 | D        | Reached XP level 10. HP: 25/44 MP: 16/27
  4529 | D        | Killed a cane toad
  4529 | D        | Reached ***** piety under Vehumet
  4529 | D        | Offered knowledge of Fireball by Vehumet.
  4814 | D        | Learned a level 5 spell: Fireball
  4869 | D        | Reached skill level 1 in Fire Magic
  5348 | D        | Reached skill level 10 in Conjurations
  5636 | D        | Offered knowledge of Lee's Rapid Deconstruction by Vehumet.
  5942 | D        | Noticed Rupert
  5961 | D        | Slain by Rupert

Illustrated notes

Levels and vault maps discovered:
D:        dungeon_sprint_mu [sprint_mu_entry_forest, sprint_mu_temple_rooms,
          sprint_mu_d1_spiders, sprint_mu_d2_genie, sprint_mu_d3_branching,
          sprint_mu_orc_legion, sprint_mu_elf_gauntlet, sprint_mu_hive_nellie,
          sprint_mu_lair_fedhas, sprint_mu_vaults_butterflies,
          sprint_mu_slime_circle, sprint_mu_shoals_archi,
          sprint_mu_snake_twists, sprint_mu_blade_basic,
          sprint_mu_crypt_fortress, sprint_mu_tomb_spiral,
          sprint_mu_vestibule_basic, sprint_mu_gehenna_hellfire,
          sprint_mu_dis_giant, sprint_mu_tartarus_statrot,
          sprint_mu_cocytus_islands, sprint_mu_zot1]

Skill      XL: |  1  2  3  4  5  6  7  8  9 10 |
---------------+-------------------------------+-----
Dodging        | 4 5 6 8 10 11 12 13 | 13.5
Spellcasting   | 4 5 6 7 9 11 12 | 12.7
Earth Magic    | 4 5 6 7 8 10 11 13 | 13.7
Conjurations   | 1 4 6 8 9 10 | 10.2
Evocations     | 5 7 8 |  8.8
Fire Magic     | 3 |  3.4
Stealth        | |  3.0
Transmutations | |  1.3

Action                   |  1- 3 |  4- 6 |  7- 9 | 10-12 || total
-------------------------+-------+-------+-------+-------++-------
Melee: Quarterstaff      |       |       |       |     2 ||     2
 Cast: Sandblast         |    19 |    13 |     7 |     2 ||    41
       Passwall          |     1 |       |       |       ||     1
       Stone Arrow       |       |     7 |    39 |    41 ||    87
  Use: Potion            |     3 |     1 |       |       ||     4
Dodge: Dodged            |     1 |     7 |    10 |     7 ||    25
